Map: Ice and Chrome LE

Players

Powerfoe - Winner!

  • Race: Terran Terran
  • League: Master
  • Spawn Location: 7:00

A.I. 1 (Very Easy)

  • Race: Protoss Protoss
  • Spawn Location: 1:00

VOD

Have the link to the VOD?

Description

Time

  • Played on: Sept. 8, 2020, 6:05 p.m.
  • Length: 5:30
Show
View Real Time Build Order
Export as new Build Order

Powerfoe Terran - Winner!

Build Orders: 1/1/1 

Get SALT Encoding   

  12  0:00  SCV  
  13  0:12  SCV  
  14  0:16  Supply Depot  
  14  0:24  SCV  
  15  0:38  SCV, Barracks  
  15  0:42  Refinery  
  16  0:50  SCV  
  16  0:52  Refinery  
  17  1:02  SCV  
  18  1:06  Supply Depot  
  18  1:14  SCV  
  19  1:26  Marine  
  19  1:28  Orbital Command  
  20  1:41  Factory  
  20  1:45  Barracks Reactor  
  20  1:56  SCV  
  21  2:07  Supply Depot  
  21  2:08  SCV  
  22  2:21  Marine x2  
  24  2:23  SCV  
  24  2:24  Factory Tech Lab  
  24  2:25  Starport  
  24  2:29  Barracks  
  25  2:35  SCV  
  26  2:39  Marine x2  
  28  2:45  Siege Tank  
  28  2:48  SCV  
  32  2:57  Marine x2  
  34  2:59  Supply Depot  
  34  3:14  Marine  
  34  3:15  Marine  
  34  3:17  Siege Tank  
  39  3:20  Marine  
  39  3:24  Medivac  
  42  3:27  Supply Depot  
  42  3:32  Marine  
  42  3:33  Marine  
  44  3:38  Supply Depot  
  44  3:41  Marine  
  45  3:51  Marine x2  
  47  3:59  Marine  
  47  4:01  Siege Tank  
  51  4:05  Medivac  
  53  4:11  Supply Depot  
  53  4:15  Marine  
  53  4:16  Marine  
  55  4:20  Marine  
  56  4:33  Siege Tank  
  56  4:34  Marine  
  60  4:43  Marine  
  60  4:44  Marine  
  62  4:53  Bunker  
  62  4:56  Marine  
  63  5:01  Marine  
  63  5:02  Marine  
Show
View Real Time Build Order
Export as new Build Order

A.I. 1 (Very Easy) Protoss 

Build Orders:  

Get SALT Encoding   

  12  0:00  Probe  
  13  0:13  Probe  
  14  0:19  Pylon  
  14  0:37  Assimilator  
  14  0:43  Gateway  
  14  0:47  Pylon  
  14  1:14  Assimilator  
  14  1:17  Probe  
  14  1:25  Probe  
  16  1:33  Probe  
  16  1:35  Cybernetics Core  
  17  1:43  Probe  
  18  1:55  Probe  
  18  2:01  Warp Gate  
  19  2:03  Probe  
  20  2:11  Stalker  
  22  4:50  Stalker  
  22  4:51  Probe  
  24  4:53  Pylon  
  20  5:06  Pylon  
Tags
 
League
Master
Matchup
PvT
Opening
1/1/1
Spawn Locations
Cross Positions
Add a new tag
Caveats
  • Supply blocks, unpowered buildings, or Contaminate may cause inaccurate times.
  • Supply counts are checked every 10 seconds.